| TOP OF THE 1ST |
|
Seattle (APP) Mariners batting - Pitching for Bluefield Blue Jays : RHP Bryan Rystrom
|
|
Pitching: RHP Bryan Rystrom
|
|
|
Batting: RHB Joaquin Salazar
|
0-0: Called Strike 0-1: Called Strike 0-2: Ground out 6-3 (Groundball, 6, EV 81.2 MPH)
|
|
Batting: RHB Eddie Luna
|
0-0: Swinging Strike 0-1: Foul Ball, location: 2F 0-2: Strikes out swinging
|
|
Batting: LHB William Gonzales
|
0-0: Foul Ball, location: 2F 0-1: Foul Ball, location: 2F 0-2: Ball 1-2: Ball 2-2: Foul Ball, location: 2F 2-2: Ground out 4-3 (Groundball, 4M, EV 109.4 MPH)
|
| Top of the 1st over - 0 runs, 0 hits, 0 errors, 0 left on base; Seattle (APP) 0 - Bluefield 0 |
| BOTTOM OF THE 1ST |
|
Bluefield Blue Jays batting - Pitching for Seattle (APP) Mariners : RHP Jayden Ross
|
|
Pitching: RHP Jayden Ross
|
|
|
Batting: SHB Steve Ramsey
|
0-0: Ball 1-0: Ball 2-0: Called Strike 2-1: Called Strike 2-2: Strikes out swinging
|
|
Batting: SHB Toby Patenaude
|
0-0: Ground out 6-3 (Groundball, 4MD, EV 106.9 MPH)
|
|
Batting: RHB Mark Noftall
|
0-0: Ball 1-0: Foul Ball, location: 2F 1-1: Ground out 5-3 (Groundball, 5, EV 105.6 MPH)
|
| Bottom of the 1st over - 0 runs, 0 hits, 0 errors, 0 left on base; Seattle (APP) 0 - Bluefield 0 |
| TOP OF THE 2ND |
|
Seattle (APP) Mariners batting - Pitching for Bluefield Blue Jays : RHP Bryan Rystrom
|
|
Batting: RHB Rich Griffith
|
0-0: Ground out 6-3 (Groundball, 56, EV 86.2 MPH)
|
|
Batting: RHB Ross Hallock
|
0-0: Foul Ball, location: 2F 0-1: Foul Ball, location: 2F 0-2: Ball 1-2: Strikes out swinging
|
|
Batting: LHB Yoshihisa Kobayashi
|
0-0: Called Strike 0-1: Ball 1-1: SINGLE (Groundball, 4D, EV 95.0 MPH)
|
|
Batting: SHB Carlos Luna
|
0-0: Called Strike 0-1: Ball 1-1: Swinging Strike 1-2: Strikes out looking
|
| Top of the 2nd over - 0 runs, 1 hit, 0 errors, 1 left on base; Seattle (APP) 0 - Bluefield 0 |
| BOTTOM OF THE 2ND |
|
Bluefield Blue Jays batting - Pitching for Seattle (APP) Mariners : RHP Jayden Ross
|
|
Batting: RHB Lao-che Zhu
|
0-0: Called Strike 0-1: Swinging Strike 0-2: Ball 1-2: Foul Ball, location: 2F 1-2: Fly out, F8 (Flyball, 78M, EV 85.6 MPH)
|
|
Batting: LHB Jessie Stewart
|
0-0: Ball 1-0: Foul Ball, location: 2F 1-1: Ground out 6-3 (Groundball, 6M, EV 81.9 MPH)
|
|
Batting: RHB Tom Bergman
|
0-0: Fly out, F5 (Line Drive, 5, EV 63.1 MPH)
|
| Bottom of the 2nd over - 0 runs, 0 hits, 0 errors, 0 left on base; Seattle (APP) 0 - Bluefield 0 |
| TOP OF THE 3RD |
|
Seattle (APP) Mariners batting - Pitching for Bluefield Blue Jays : RHP Bryan Rystrom
|
|
Batting: RHB Tristan Martin
|
0-0: Ball 1-0: Fly out, F9 (Flyball, 9, EV 90.0 MPH)
|
|
Batting: LHB Garrett Dodge
|
0-0: Called Strike 0-1: Swinging Strike 0-2: Strikes out swinging
|
|
Batting: RHB Joaquin Salazar
|
0-0: Ball 1-0: Foul Ball, location: 2F 1-1: Ball 2-1: Foul Ball, location: 2F 2-2: Ball 3-2: Base on Balls
|
|
Batting: RHB Eddie Luna
|
0-0: Ball Joaquin Salazar is caught stealing 2nd base 2-4
|
| Top of the 3rd over - 0 runs, 0 hits, 0 errors, 0 left on base; Seattle (APP) 0 - Bluefield 0 |
| BOTTOM OF THE 3RD |
|
Bluefield Blue Jays batting - Pitching for Seattle (APP) Mariners : RHP Jayden Ross
|
|
Batting: RHB Benedikt Fleischmann
|
0-0: Called Strike 0-1: Swinging Strike 0-2: Strikes out swinging
|
|
Batting: SHB Miguel Sano Jr.
|
0-0: Called Strike 0-1: Ball 1-1: Ground out 4-3 (Groundball, 4, EV 103.8 MPH)
|
|
Batting: RHB Lewis O'Connell
|
0-0: Called Strike 0-1: Fly out, F9 (Line Drive, 9S, EV 87.5 MPH)
|
| Bottom of the 3rd over - 0 runs, 0 hits, 0 errors, 0 left on base; Seattle (APP) 0 - Bluefield 0 |
| TOP OF THE 4TH |
|
Seattle (APP) Mariners batting - Pitching for Bluefield Blue Jays : RHP Bryan Rystrom
|
|
Batting: RHB Eddie Luna
|
0-0: Called Strike 0-1: SOLO HOME RUN (Flyball, 7D, EV 95.0 MPH), Distance : 386 ft
|
|
Batting: LHB William Gonzales
|
0-0: Fly out, F8 (Flyball, 8LXD, EV 90.6 MPH)
|
|
Batting: RHB Rich Griffith
|
0-0: Foul Ball, location: 2F 0-1: Foul Ball, location: 2F 0-2: Foul Ball, location: 2F 0-2: Ball 1-2: Foul Ball, location: 2F 1-2: Foul Ball, location: 2F 1-2: Strikes out looking
|
|
Batting: RHB Ross Hallock
|
0-0: SINGLE (Groundball, 6MD, EV 101.2 MPH)
|
|
Batting: LHB Yoshihisa Kobayashi
|
0-0: Called Strike 0-1: Foul Ball, location: 2F 0-2: Ball 1-2: Fly out, F7 (Flyball, 7LS, EV 90.6 MPH)
|
| Top of the 4th over - 1 run, 2 hits, 0 errors, 1 left on base; Seattle (APP) 1 - Bluefield 0 |
| BOTTOM OF THE 4TH |
|
Bluefield Blue Jays batting - Pitching for Seattle (APP) Mariners : RHP Jayden Ross
|
|
Batting: SHB Steve Ramsey
|
0-0: Ball 1-0: Called Strike 1-1: SINGLE (Line Drive, 8LS, EV 110.6 MPH)
|
|
Batting: SHB Toby Patenaude
|
0-0: Ball 1-0: Ball 2-0: 2-RUN HOME RUN (Flyball, 89XD, EV 107.5 MPH), Distance : 411 ft
|
|
Batting: RHB Mark Noftall
|
0-0: Called Strike 0-1: SINGLE (Line Drive, 78S, EV 103.8 MPH)
|
|
Batting: RHB Lao-che Zhu
|
0-0: Ball 1-0: Foul Ball, location: 2F 1-1: Ball 2-1: SINGLE (Line Drive, 56D, EV 99.4 MPH) Mark Noftall to second
|
|
Batting: LHB Jessie Stewart
|
0-0: SINGLE (Flyball, 6D, EV 90.0 MPH) Mark Noftall to third Lao-che Zhu to second
|
|
Batting: RHB Tom Bergman
|
0-0: Ball 1-0: Fly out, F7 (Flyball, 78S, EV 89.4 MPH)
|
|
Batting: RHB Benedikt Fleischmann
|
0-0: Ball 1-0: Ball Passed Ball! Mark Noftall scores Lao-che Zhu to third Jessie Stewart to second 2-0: Ball 3-0: Base on Balls
|
|
Batting: SHB Miguel Sano Jr.
|
0-0: Fly out, F9 (Flyball, 9D, EV 104.4 MPH)
|
|
Batting: RHB Lewis O'Connell
|
0-0: Ball 1-0: Ball 2-0: Ball 3-0: Base on Balls Lao-che Zhu scores Jessie Stewart to third Benedikt Fleischmann to second
|
|
Batting: SHB Steve Ramsey
|
0-0: Foul Ball, location: 2F 0-1: Ball 1-1: Swinging Strike 1-2: Strikes out swinging
|
| Bottom of the 4th over - 4 runs, 5 hits, 0 errors, 3 left on base; Seattle (APP) 1 - Bluefield 4 |
| TOP OF THE 5TH |
|
Seattle (APP) Mariners batting - Pitching for Bluefield Blue Jays : RHP Bryan Rystrom
|
|
Batting: SHB Carlos Luna
|
0-0: Ball 1-0: Ball 2-0: Ball 3-0: Base on Balls
|
|
Batting: RHB Tristan Martin
|
0-0: Ball 1-0: Called Strike 1-1: Foul Ball, location: 2F 1-2: Ball 2-2: Foul Ball, location: 2F 2-2: Foul Ball, location: 2F 2-2: Ball 3-2: Base on Balls Carlos Luna to second
|
|
Batting: LHB Garrett Dodge
|
0-0: Called Strike 0-1: Ball 1-1: Called Strike 1-2: Strikes out looking
|
|
Batting: RHB Joaquin Salazar
|
0-0: Called Strike 0-1: Foul Ball, location: 2F 0-2: Strikes out swinging
|
|
Batting: RHB Eddie Luna
|
0-0: Swinging Strike 0-1: Called Strike 0-2: Ball 1-2: Ball 2-2: Strikes out swinging
|
| Top of the 5th over - 0 runs, 0 hits, 0 errors, 2 left on base; Seattle (APP) 1 - Bluefield 4 |
| BOTTOM OF THE 5TH |
|
Bluefield Blue Jays batting - Pitching for Seattle (APP) Mariners : RHP Jayden Ross
|
|
Batting: SHB Toby Patenaude
|
0-0: Swinging Strike 0-1: DOUBLE (Groundball, 3D, EV 111.2 MPH)
|
|
Batting: RHB Mark Noftall
|
0-0: Swinging Strike 0-1: Ball 1-1: Foul Ball, location: 2F 1-2: Ball 2-2: Ball 3-2: DOUBLE (Line Drive, 3D, EV 103.1 MPH) Toby Patenaude scores
|
|
Pitching: RHP Domingo Maldonado
|
|
|
Batting: RHB Lao-che Zhu
|
0-0: Ball 1-0: Called Strike 1-1: Ground out 2-3 (Groundball, 2L, EV 68.1 MPH) Mark Noftall to third
|
|
Batting: LHB Jessie Stewart
|
0-0: Called Strike 0-1: Foul Ball, location: 2F 0-2: Strikes out swinging
|
|
Batting: RHB Tom Bergman
|
0-0: Ball 1-0: Ball 2-0: Ball 3-0: Called Strike 3-1: Ground out 5-3 (Groundball, 56S, EV 83.1 MPH)
|
| Bottom of the 5th over - 1 run, 2 hits, 0 errors, 1 left on base; Seattle (APP) 1 - Bluefield 5 |
| TOP OF THE 6TH |
|
Seattle (APP) Mariners batting - Pitching for Bluefield Blue Jays : RHP Bryan Rystrom
|
|
Batting: LHB William Gonzales
|
0-0: Ball 1-0: Ball 2-0: Fly out, F8 (Flyball, 89D, EV 93.1 MPH)
|
|
Batting: RHB Rich Griffith
|
0-0: Ball 1-0: Ball 2-0: Reached on error, E4 (Groundball, 4MS, EV 62.5 MPH)
|
|
Pitching: RHP Josh Long
|
|
|
Batting: RHB Ross Hallock
|
0-0: Ball Rich Griffith steals 2nd base 1-0: Called Strike 1-1: Foul Ball, location: 2F 1-2: Ball Wild Pitch! Rich Griffith to third 2-2: Ground out 6-3 (Groundball, 6M, EV 99.4 MPH) Rich Griffith scores
|
|
Batting: LHB Yoshihisa Kobayashi
|
0-0: Called Strike 0-1: Ball 1-1: Ball 2-1: Called Strike 2-2: Foul Ball, location: 2F 2-2: Foul Ball, location: 2F 2-2: Foul Ball, location: 2F 2-2: Strikes out swinging
|
| Top of the 6th over - 1 run, 0 hits, 1 error, 0 left on base; Seattle (APP) 2 - Bluefield 5 |
| BOTTOM OF THE 6TH |
|
Bluefield Blue Jays batting - Pitching for Seattle (APP) Mariners : RHP Domingo Maldonado
|
|
Batting: RHB Benedikt Fleischmann
|
0-0: Foul Ball, location: 2F 0-1: Ball 1-1: DOUBLE (Flyball, 78XD, EV 100.6 MPH)
|
|
Batting: SHB Miguel Sano Jr.
|
0-0: Called Strike 0-1: Foul Ball, location: 2F 0-2: Ball 1-2: 2-RUN HOME RUN (Flyball, 7LD, EV 96.9 MPH), Distance : 355 ft
|
|
Batting: RHB Lewis O'Connell
|
0-0: Ball 1-0: Ground out 5-3 (Groundball, 56S, EV 66.2 MPH)
|
|
Batting: SHB Steve Ramsey
|
0-0: Ball 1-0: Ball 2-0: Ball 3-0: Called Strike 3-1: Fly out, F7 (Flyball, 7S, EV 73.1 MPH)
|
|
Batting: SHB Toby Patenaude
|
0-0: Swinging Strike 0-1: Ground out 4-3 (Groundball, 4, EV 107.5 MPH)
|
| Bottom of the 6th over - 2 runs, 2 hits, 0 errors, 0 left on base; Seattle (APP) 2 - Bluefield 7 |
| TOP OF THE 7TH |
|
Seattle (APP) Mariners batting - Pitching for Bluefield Blue Jays : RHP Josh Long
|
|
Batting: SHB Carlos Luna
|
0-0: Called Strike 0-1: Ground out 4-3 (Groundball, 4, EV 100.6 MPH)
|
|
Pinch Hitting: LHB Prince Nunley
|
0-0: Ball 1-0: Ball 2-0: SINGLE (Line Drive, 4MD, EV 105.6 MPH)
|
|
Batting: LHB Garrett Dodge
|
0-0: Ball 1-0: DOUBLE (Line Drive, 7LS, EV 107.5 MPH) Prince Nunley to third
|
|
Batting: RHB Joaquin Salazar
|
0-0: Called Strike 0-1: Foul Ball, location: 2F 0-2: Ball 1-2: Foul Ball, location: 2F 1-2: Ground out 3-1 (Groundball, 34S, EV 68.1 MPH) Prince Nunley scores Garrett Dodge to third
|
|
Batting: RHB Eddie Luna
|
0-0: Ball 1-0: Ball 2-0: Ball 3-0: Base on Balls
|
|
Pitching: LHP Frank Cota
|
|
|
Batting: LHB William Gonzales
|
0-0: Ball 1-0: Ball 2-0: Foul Ball, location: 2F 2-1: Ball 3-1: Base on Balls Eddie Luna to second
|
|
Batting: RHB Rich Griffith
|
0-0: Called Strike 0-1: Ball 1-1: Ball 2-1: Foul Ball, location: 2F 2-2: Foul Ball, location: 2F 2-2: Fly out, F4 (Popup, 4S, EV 74.4 MPH)
|
| Top of the 7th over - 1 run, 2 hits, 0 errors, 3 left on base; Seattle (APP) 3 - Bluefield 7 |
| BOTTOM OF THE 7TH |
|
Bluefield Blue Jays batting - Pitching for Seattle (APP) Mariners : RHP Domingo Maldonado
|
|
Now in LF: Prince Nunley
|
|
|
Batting: RHB Mark Noftall
|
0-0: Ball 1-0: Foul Ball, location: 2F 1-1: Ball 2-1: Foul Ball, location: 2F 2-2: Strikes out swinging
|
|
Batting: RHB Lao-che Zhu
|
0-0: Foul Ball, location: 2F 0-1: Ball 1-1: Ball 2-1: Ground out 5-3 (Groundball, 56, EV 108.8 MPH)
|
|
Batting: LHB Jessie Stewart
|
0-0: Called Strike 0-1: Fly out, F7 (Flyball, 7, EV 81.9 MPH)
|
| Bottom of the 7th over - 0 runs, 0 hits, 0 errors, 0 left on base; Seattle (APP) 3 - Bluefield 7 |
| TOP OF THE 8TH |
|
Seattle (APP) Mariners batting - Pitching for Bluefield Blue Jays : LHP Frank Cota
|
|
Batting: RHB Ross Hallock
|
0-0: Ball 1-0: Ball 2-0: Ball 3-0: Called Strike 3-1: Called Strike 3-2: Ground out 6-3 (Groundball, 6, EV 83.1 MPH)
|
|
Batting: LHB Yoshihisa Kobayashi
|
0-0: Swinging Strike 0-1: Ball 1-1: Ground out U3 (Groundball, 34S, EV 89.4 MPH)
|
|
Batting: SHB Carlos Luna
|
0-0: Fly out, F9 (Line Drive, 9, EV 101.2 MPH)
|
| Top of the 8th over - 0 runs, 0 hits, 0 errors, 0 left on base; Seattle (APP) 3 - Bluefield 7 |
| BOTTOM OF THE 8TH |
|
Bluefield Blue Jays batting - Pitching for Seattle (APP) Mariners : RHP Domingo Maldonado
|
|
Pitching: LHP David Reyes
|
|
|
Batting: RHB Tom Bergman
|
0-0: Ball 1-0: Foul Ball, location: 2F 1-1: Ball 2-1: Called Strike 2-2: Strikes out swinging
|
|
Batting: RHB Benedikt Fleischmann
|
0-0: Ball 1-0: Foul Ball, location: 2F 1-1: Ball 2-1: Ball 3-1: Foul Ball, location: 2F 3-2: Base on Balls
|
|
Batting: SHB Miguel Sano Jr.
|
0-0: Called Strike 0-1: SINGLE (Flyball, 6D, EV 89.4 MPH) Benedikt Fleischmann to second
|
|
Batting: RHB Lewis O'Connell
|
0-0: Foul Ball, location: 2F 0-1: Swinging Strike 0-2: Ball 1-2: Ball 2-2: Strikes out swinging
|
|
Batting: SHB Steve Ramsey
|
0-0: Called Strike 0-1: Called Strike 0-2: Ball 1-2: Strikes out swinging
|
| Bottom of the 8th over - 0 runs, 1 hit, 0 errors, 2 left on base; Seattle (APP) 3 - Bluefield 7 |
| TOP OF THE 9TH |
|
Seattle (APP) Mariners batting - Pitching for Bluefield Blue Jays : LHP Frank Cota
|
|
Batting: LHB Prince Nunley
|
0-0: Called Strike 0-1: Swinging Strike 0-2: Strikes out swinging
|
|
Pinch Hitting: RHB Carlton McDonald
|
0-0: Foul Ball, location: 2F 0-1: Foul Ball, location: 2F 0-2: Fly out, F7 (Flyball, 7D, EV 86.2 MPH)
|
|
Batting: RHB Joaquin Salazar
|
0-0: Ball 1-0: Ball 2-0: Ball 3-0: Called Strike 3-1: Called Strike 3-2: Foul Ball, location: 2F 3-2: Foul Ball, location: 2F 3-2: Base on Balls
|
|
Pitching: RHP Chris Mansfield
|
|
|
Batting: RHB Eddie Luna
|
0-0: Foul Ball, location: 2F 0-1: Ball 1-1: Ground out 4-3 (Groundball, 34, EV 108.1 MPH)
|
| Top of the 9th over - 0 runs, 0 hits, 0 errors, 1 left on base; Seattle (APP) 3 - Bluefield 7 |
|